cohdb
Replays
Latest Replays
All Replays
Popular Replays
Top Player Replays
Match Explorer
How It Works
Community
CoH3 Stats
Reddit
Sign in to upload your games and track your stats! →
Sign in with Steam
Match 41885127
Unlisted
Match 41885127
Overview
Messages
Build Orders
End
Pioneer Squad
Pioneer Squad
Construct Infanterie Kompanie
Selects Terror Battlegroup
Selects Machine Gun Camouflage
MG 42 Machine Gun Team
MG 42 Machine Gun Team
Grenadier Squad
Construct Luftwaffe Kompanie
221 Scout Car
Flak 30 Anti-aircraft Gun Team
Support Elements
Wirbelwind Flakpanzer
Jäger Squad
Wirbelwind Flakpanzer
Selects Interrogate
Wirbelwind Flakpanzer
Selects Propaganda Leaflet Drop
Jäger Squad
Luftwaffe Officer Quarters
Medical Bunker
Marder III M Tank Destroyer
Marder III M Tank Destroyer
Pioneer Squad
Itaca
Jervi
0
0
Comments
sign in to comment!
No comments posted yet!